 Dungeon Crawl Stone Soup version 0.28-a0-535-g6f645e4c1d (webtiles) character file.

Game seed: 14420221417116852190

49631 funkygono the Thaumaturge (level 14, -11/70 HPs)
             Began as a Gargoyle Fire Elementalist on Sept 26, 2021.
             Was a High Priest of Vehumet.
             Killed from afar by an efreet (20 damage)
             ... with a bolt of fire
             ... on level 10 of the Dungeon.
             The game lasted 01:03:03 (24536 turns).

funkygono the Thaumaturge (GrFE)                   Turns: 24536, Time: 01:03:03

Health: -11/70     AC: 23    Str: 13    XL:     14   Next: 51%
Magic:  6/32       EV: 12    Int: 20    God:    Vehumet [*****.]
Gold:   1031       SH:  5    Dex: 10    Spells: 14/41 levels left

rFire   . . .      SeeInvis +   h - +6 whip (vorpal)
rCold   . . .      Faith    .   (no shield)
rNeg    + . .      Spirit   .   F - +2 steam dragon scales
rPois   ∞          Reflect  +   b - +1 helmet
rElec   +          Harm     .   A - +1 cloak
rCorr   .          Rampage  .   x - +1 pair of gloves
Will    +....                   (no boots)
Stlth   ++........              c - amulet of reflection
HPRegen 0.21/turn               w - ring of see invisible
MPRegen 0.23/turn               P - ring of wizardry

@: spiked, flying, studying Throwing
A: sickness immunity, AC +10, big wings, negative energy resistance 1,
electricity resistance, torment resistance 1, petrification resistance
a: Renounce Religion


You were on level 10 of the Dungeon.
You worshipped Vehumet.
Vehumet was extremely pleased with you.
You visited 3 branches of the dungeon, and saw 17 of its levels.
You also visited: Ossuary.

You collected 1031 gold pieces.

Inventory:

Hand Weapons
 h - a +6 vorpal whip (weapon)
Armour
 b - a +1 helmet (worn)
 o - a +2 leather armour of cold resistance
 s - a +0 buckler
 x - a +1 pair of gloves (worn)
 A - a +1 cloak (worn)
 F - +2 steam dragon scales (worn)
Magical Staves
 K - a staff of conjuration
Jewellery
 c - an amulet of reflection (around neck)
 i - a ring of ice
 w - a ring of see invisible (left hand)
 P - a ring of wizardry (right hand)
Wands
 n - a wand of iceblast (33)
 y - a wand of flame (28)
 I - a wand of mindburst (34)
Scrolls
 d - 4 scrolls of magic mapping
 e - 8 scrolls of identify
 l - 2 scrolls of amnesia
 m - 6 scrolls of teleportation
 r - 2 scrolls of summoning
 z - 3 scrolls of fear
 D - a scroll of fog
Potions
 a - a potion of berserk rage
 f - 3 potions of might
 g - a potion of lignification
 k - 3 potions of brilliance
 q - 2 potions of cancellation
 t - 8 potions of curing
 u - a potion of ambrosia
 v - 5 potions of mutation
 B - a potion of heal wounds
 E - a potion of magic
 J - 4 potions of invisibility
 M - a potion of haste


   Skills:
 + Level 1.6 Fighting
 + Level 2.9 Maces & Flails
 + Level 1.3 Armour
 + Level 4.0 Dodging
 - Level 2.1 Stealth
 + Level 2.0 Shields
 * Level 14.2 Spellcasting
 * Level 11.0 Conjurations
 * Level 13.7 Fire Magic
 * Level 7.4 Earth Magic
 + Level 6.4 Poison Magic


You had 14 spell levels left.
You knew the following spells:

 Your Spells              Type           Power      Damage    Failure   Level
a - Foxfire               Conj/Fire      100%       2x1d9     1%          1
b - Scorch                Fire           100%       2d10      1%          2
c - Conjure Flame         Conj/Fire      59%        6-21      1%          3
d - Flame Wave            Conj/Fire      59%        3d11      1%          4
e - Olgreb's Toxic Radia  Pois           40%        N/A       1%          4
f - Magic Dart            Conj           100%       1d8       1%          1
g - Stone Arrow           Conj/Erth      100%       3d13      1%          3
h - Sticky Flame          Conj/Fire      59%        2d7       1%          4
i - Fireball              Conj/Fire      29%        3d13      1%          5

Your spell library contained the following spells:

 Spells                   Type           Power      Damage    Failure   Level
 Sting                    Tmut/Pois      100%       1d8       1%          1
 Summon Small Mammal      Summ           56%        N/A       1%          1
 Poisonous Vapours        Pois/Air       54%        N/A       1%          2
 Inner Flame              Hex/Fire       41%        N/A       1%          3
 Lee's Rapid Deconstruct  Erth           22%        3d13*     1%          5
 Leda's Liquefaction      Hex/Erth       14%        N/A       4%          4
 Call Canine Familiar     Summ           14%        N/A       6%          3
 Summon Guardian Golem    Hex/Summ       14%        N/A       6%          3
 Statue Form              Tmut/Erth      Unusable   N/A       N/A         6

Dungeon Overview and Level Annotations

Branches:
Dungeon (10/15)            Temple (1/1) D:5            Lair (6/6) D:8
  Swamp (0/4) Lair:3        Snake (0/4) Lair:3        Slime (0/5) Lair:5
    Orc (0/2) D:9         Ossuary (visited)

Altars:
Ashenzari
Cheibriados
Dithmenos
Elyvilon
Fedhas
Gozag
Hepliaklqana
Kikubaaqudgha
Makhleb
Nemelex Xobeh
Okawaru
Qazlal
Ru
Sif Muna
Trog
Uskayaw
Vehumet
Wu Jian
Xom
Yredelemnul
Zin
The Shining One
Lugonu

Shops:
D:1 [(   D:2 *

Portals:
Abyss: Lair:6


Innate Abilities, Weirdness & Mutations

You are immune to sickness and miasma.
Your stone body is resilient. (AC +10)
You are immune to poison.
Your large and strong wings let you fly.
You resist negative energy. (rN+)
You are resistant to electric shocks. (rElec)
You are resistant to unholy torment.
You are immune to petrification.


Message History

Confirm with . or Enter, or press ? or * to list all spells.
You conjure some foxfire!
The foxfire hits the efreet.
The efreet completely resists.
Casting: Foxfire (safe; 1% risk of failure)
Confirm with . or Enter, or press ? or * to list all spells.
You conjure some foxfire!
The foxfire hits the manticore.
The manticore is lightly wounded.
The foxfire hits the manticore.
The manticore is lightly wounded.
The foxfire hits the efreet.
The efreet completely resists.
The manticore flicks its tail.
The volley of spikes hits you!
The barbed spikes become lodged in your body.
Casting: Foxfire (safe; 1% risk of failure)
Confirm with . or Enter, or press ? or * to list all spells.
You conjure some foxfire!
The foxfire hits the efreet but does no damage.
The foxfire hits the manticore.
The manticore is lightly wounded.
The efreet gestures at you. The bolt of fire hits you!!!
Ouch! That really hurt!
* * * LOW HITPOINT WARNING * * *
The bolt of fire hits your foxfire.
Your foxfire completely resists.
Aiming: Iceblast
Press: ? - help, Shift-Dir - straight line, f - manticore
Aim: a manticore (lightly wounded)
The mass of ice explodes!
The iceblast engulfs the manticore!
The manticore is moderately wounded.
The iceblast engulfs the efreet.
The efreet is lightly wounded.
You hear a shout! x2
The foxfire hits the manticore!
The manticore is heavily wounded.
The foxfire hits the manticore but does no damage.
The manticore is heavily wounded.
The efreet gestures at you. The bolt of fire hits you!!
You die...

#....○..........#
#.........#.....#
######.####.....#
#..# #...###
..R###..#
#.H....>#
###)§########
#.§§§......
#§§@.......
#.§§....$..
#.###.)...! #.#
...... #.. .<...
### ..... ....
####


You could see a manticore and an efreet.

Vanquished Creatures
  Fannar (D:10)
  6 hydras
  A boulder beetle (Lair:5)
  A centaur warrior (D:8)
  A two-headed ogre (D:9)
  3 thrashing horrors (Lair:6)
  An orc knight (D:10)
  An ugly thing (D:10)
  A cyclops (D:10)
  A manticore (D:10)
  5 black mambas
  9 elephants
  3 torpor snails
  12 cane toads
  2 smoke demons (Lair:6)
  4 rime drakes (Lair:6)
  13 komodo dragons
  Maggie (D:7)
  A troll (D:10)
  2 ancient zymes (Lair:6)
  2 polar bears
  A hornet (D:9)
  19 blink frogs
  4 dream sheep (Lair:5)
  2 large abominations (Lair:6)
  3 wyverns
  A wraith (Ossuary)
  48 yaks
  4 chaos spawn (Lair:6)
  A steam dragon (D:8)
  7 basilisks
  2 swamp worms (Lair:3)
  A swamp drake (Lair:5)
  24 water moccasins
  10 small abominations (Lair:6)
  An ice beast (D:5)
  8 orc warriors
  A black bear (Lair:4)
  2 necrophages
  2 ogres
  15 wolves
  5 centaurs
  A phantom (D:6)
  5 kobold brigands
  11 bullfrogs
  4 scorpions
  A gnoll sergeant (D:10)
  11 electric eels
  14 wights
  4 howler monkeys
  2 bullfrog zombies (D:7)
  4 centaur zombies
  2 gnoll shamans
  11 orc priests
  2 bullfrog skeletons
  3 hounds
  2 jellies
  A centaur skeleton (D:7)
  2 iguanas
  Ijyb (D:3)
  9 orc wizards
  2 killer bee zombies
  A mummy (Ossuary)
  2 hound skeletons (D:4)
  A howler monkey zombie (D:7)
  13 gnolls
  6 adders
  A shadow imp (D:5)
  A worm (D:5)
  2 dart slugs
  44 orcs
  3 endoplasms (D:2)
  3 giant cockroaches
  4 goblins
  2 hobgoblins
  9 jackals
  4 quokkas
  7 ball pythons
  5 bats
  4 frilled lizards
  6 gnoll skeletons (Ossuary)
  A jackal skeleton (D:4)
  29 kobolds
  6 kobold skeletons (Ossuary)
  13 orc skeletons (Ossuary)
  4 rats
  A bush (Lair:6)
496 creatures vanquished.

Vanquished Creatures (collateral kills)
  28 foxfires
28 creatures vanquished.

Vanquished Creatures (others)
  A wizard (D:10)
  A centaur simulacrum (D:10)
  1785 foxfires
  66 fungi
  129 plants
1982 creatures vanquished.

Grand Total: 2506 creatures vanquished

Notes
Turn   | Place    | Note
-------+----------+-------------------------------------------
     0 | D:1      | funkygono the Gargoyle Fire Elementalist began the quest
                  | for the Orb.
     0 | D:1      | Reached XP level 1. HP: 10/10 MP: 3/3
   144 | D:1      | Found Pyfiebom's Antique Weapon Boutique.
   364 | D:1      | Reached XP level 2. HP: 15/15 MP: 3/5
   367 | D:1      | Learned a level 2 spell: Scorch
   577 | D:1      | Found Vifeucev's Armour Shop.
  1060 | D:2      | Reached XP level 3. HP: 14/19 MP: 0/6
  1064 | D:2      | Learned a level 3 spell: Conjure Flame
  1429 | D:2      | Found Boall's General Store.
  1617 | D:2      | Found a faded altar of an unknown god.
  2052 | D:3      | Reached XP level 4. HP: 24/24 MP: 1/8
  2395 | D:3      | Reached skill level 3 in Spellcasting
  2613 | D:3      | Noticed Ijyb
  2632 | D:3      | Killed Ijyb
  2633 | D:3      | Reached XP level 5. HP: 8/28 MP: 1/9
  2961 | D:3      | Learned a level 4 spell: Flame Wave
  3872 | D:4      | Reached XP level 6. HP: 32/32 MP: 3/11
  4002 | D:4      | Reached skill level 5 in Fire Magic
  4170 | D:4      | Reached skill level 4 in Spellcasting
  4624 | D:5      | Entered Level 5 of the Dungeon
  4667 | D:5      | Found a shimmering altar of Xom.
  4667 | D:5      | Found a white marble altar of Elyvilon.
  4686 | D:5      | Reached XP level 7. HP: 30/36 MP: 3/13
  4810 | D:5      | Found a blossoming altar of Fedhas.
  4810 | D:5      | Found an ancient bone altar of Kikubaaqudgha.
  4824 | D:5      | Found a sand-covered staircase.
  4829 | Ossuary  | Entered an ossuary
  4829 | Ossuary  | Noticed a wraith
  4829 | Ossuary  | Noticed a wraith
  4829 | Ossuary  | Noticed a wraith
  4982 | Ossuary  | Noticed a wraith
  5143 | Ossuary  | Killed a wraith
  5144 | Ossuary  | Reached skill level 1 in Shields
  5978 | D:5      | Found a staircase to the Ecumenical Temple.
  5988 | Temple   | Entered the Ecumenical Temple
  6234 | D:5      | Reached skill level 5 in Spellcasting
  6588 | D:5      | Reached XP level 8. HP: 42/42 MP: 10/16
  6958 | D:5      | Learned a level 4 spell: Olgreb's Toxic Radiance
  7344 | D:6      | Reached skill level 1 in Poison Magic
  7353 | D:6      | Reached skill level 6 in Spellcasting
  7693 | D:6      | Found a radiant altar of Vehumet.
  7748 | D:6      | Became a worshipper of Vehumet
  7809 | D:6      | Identified the +2 robe of Qujy {rF+ Regen+ Int-4}
  8012 | D:6      | Found a shadowy altar of Dithmenos.
  8023 | D:6      | Found a glowing golden altar of the Shining One.
  8150 | D:6      | Reached XP level 9. HP: 46/46 MP: 13/19
  8790 | D:7      | Noticed Maggie
  8797 | D:7      | Killed Maggie
  8798 | D:7      | Reached skill level 7 in Spellcasting
  8798 | D:7      | Reached skill level 5 in Conjurations
  9327 | D:7      | Reached * piety under Vehumet
  9327 | D:7      | Offered knowledge of Freeze by Vehumet.
  9801 | D:8      | Noticed a komodo dragon
  9816 | D:8      | Killed a komodo dragon
  9839 | D:8      | Reached skill level 8 in Spellcasting
 10053 | D:8      | Reached skill level 1 in Maces & Flails
 10252 | D:8      | Reached XP level 10. HP: 51/51 MP: 7/22
 10658 | D:8      | Noticed a centaur warrior
 11274 | D:8      | Found a staircase to the Lair.
 11565 | D:8      | Killed a centaur warrior
 11565 | D:8      | Offered knowledge of Magic Dart by Vehumet.
 11639 | D:8      | Reached skill level 9 in Spellcasting
 11639 | D:8      | Reached ** piety under Vehumet
 11665 | D:8      | Learned a level 1 spell: Magic Dart
 12086 | D:9      | Noticed a two-headed ogre
 12092 | D:9      | Killed a two-headed ogre
 12393 | D:9      | Found a hazy altar of Hepliaklqana.
 12457 | D:9      | Found a sacrificial altar of Ru.
 12460 | D:9      | Found an iron altar of Okawaru.
 12463 | D:9      | Found a hide-covered altar of Uskayaw.
 12530 | D:9      | Reached XP level 11. HP: 52/55 MP: 15/24
 12534 | D:9      | Reached skill level 10 in Fire Magic
 12537 | D:9      | Offered knowledge of Stone Arrow by Vehumet.
 12625 | D:9      | Learned a level 3 spell: Stone Arrow
 12867 | D:9      | Reached *** piety under Vehumet
 13031 | D:9      | Found a staircase to the Orcish Mines.
 13366 | Lair:1   | Entered Level 1 of the Lair of Beasts
 13381 | Lair:1   | Offered knowledge of Sticky Flame by Vehumet.
 13384 | Lair:1   | Reached skill level 10 in Spellcasting
 13542 | Lair:1   | Reached skill level 1 in Earth Magic
 13677 | Lair:1   | Noticed an eight-headed hydra
 13693 | Lair:1   | Killed an eight-headed hydra
 13694 | Lair:1   | Reached skill level 1 in Armour
 14137 | Lair:1   | Noticed a four-headed hydra
 14243 | Lair:1   | Killed a four-headed hydra
 14958 | Lair:1   | Learned a level 4 spell: Sticky Flame
 15004 | Lair:2   | Reached **** piety under Vehumet
 15048 | Lair:2   | Reached XP level 12. HP: 59/60 MP: 16/26
 15177 | Lair:2   | Reached skill level 5 in Poison Magic
 15269 | Lair:2   | Reached skill level 11 in Spellcasting
 15269 | Lair:2   | Offered knowledge of Dazzling Flash by Vehumet.
 16693 | Lair:3   | Found a staircase to the Snake Pit.
 17166 | Lair:3   | Noticed a seven-headed hydra
 17168 | Lair:3   | Noticed a four-headed hydra
 17178 | Lair:3   | Killed a seven-headed hydra
 17180 | Lair:3   | Killed a four-headed hydra
 17290 | Lair:3   | Found a staircase to the Swamp.
 17796 | Lair:4   | Reached skill level 1 in Fighting
 18090 | Lair:4   | Reached skill level 12 in Spellcasting
 18640 | Lair:5   | Reached XP level 13. HP: 64/64 MP: 18/29
 19395 | Lair:5   | Found a staircase to the Slime Pits.
 19408 | Lair:5   | Reached skill level 5 in Earth Magic
 19415 | Lair:5   | Reached ***** piety under Vehumet
 19435 | Lair:5   | Offered knowledge of Fireball by Vehumet.
 19442 | Lair:5   | Learned a level 5 spell: Fireball
 20563 | Lair:6   | Entered Level 6 of the Lair of Beasts
 20753 | Lair:6   | Reached skill level 13 in Spellcasting
 20760 | Lair:5   | Reached skill level 10 in Conjurations
 21758 | Lair:6   | Gained mutation: Your large and strong wings let you fly.
                  | [Gargoyle growth]
 21758 | Lair:6   | Reached XP level 14. HP: 47/70 MP: 5/31
 23357 | Lair:6   | Reached skill level 14 in Spellcasting
 23519 | Lair:6   | Found a corrupted altar of Lugonu.
 23519 | Lair:6   | Found a one-way gate to the infinite horrors of the Abyss.
 23541 | Lair:6   | Identified the +2 plate armour of Stoicism {Rampage Will++
                  | Str-4 SInv}
 24030 | D:10     | Entered Level 10 of the Dungeon
 24046 | D:10     | Noticed Fannar
 24056 | D:10     | Killed Fannar
 24367 | D:10     | Identified the +5 whip "Ikhlil" {vorpal, rF- rC+ SInv}
 24536 | D:10     | Killed from afar by an efreet

Illustrated notes

Levels and vault maps discovered:
D:1:      minmay_arrival_four_circles, layout_basic, serial_shops, shop, shop
D:2:      layout_loops_corners, serial_shops, nicolae_shop_waterfront,
          dilly_ecumenical_altar_fadedgnrine
D:3:      layout_rooms, uniq_ijyb
D:4:      layout_layer_cave
D:5:      layout_basic, jmf_multi_god_temple,
          grunt_temple_overflow_growth_and_decay, minmay_temple_entry_slanted,
          gup_sewer_entry_pipe, enter_ossuary_2, st_stairs_14
D:6:      layout_cave_pools, vehumet_altar_wand_db, mainiacjoe_overflow_swirl
D:7:      layout_cave_pods, uniq_maggie
D:8:      cheibrodos_two_vegetables, layout_loops_ring,
          grunt_lair_entry_orc_guard_hut
D:9:      layout_small_grid, grunt_temple_overflow_cloverleaf, erik_orc_2,
          amcnicky_mini_corridor_feature
D:10:     layout_basic, minivault_12, uniq_fannar
Temple:   minmay_temple_curvy_loop
Lair:1:   layout_regular_city, lemuel_fruit_tree, grunt_megastairs_5
Lair:2:   layout_concentric_octagons
Lair:3:   layout_long_grid, palyth_hydra_swamp_entry, dummy_snake_entry,
          patterned_corridor
Lair:4:   layout_gridlike, bh_autumn_forest_stairs, lemuel_fruit_fields
Lair:5:   layout_roguey, slime_dummy, hibernation_bobbens, grunt_megastairs_2,
          serial_bayou_shore_a
Lair:6:   hellmonk_lair_end_abyssal_woods, layout_regular_city,
          minmay_hedge_maze

Skill      XL: |  1  2  3  4  5  6  7  8  9 10 11 12 13 14 |
---------------+-------------------------------------------+-----
Dodging        | 2 3 4 |  4.0
Spellcasting   | 3 4 5 6 8 9 10 12 13 14 | 14.2
Conjurations   | 2 3 4 5 6 8 9 10 11 | 11.0
Fire Magic     | 4 5 6 7 8 9 11 12 13 | 13.7
Shields        | 1 2 |  2.0
Poison Magic   | 1 2 4 6 |  6.4
Maces & Flails | 1 2 |  2.9
Earth Magic    | 2 4 6 7 |  7.4
Armour         | 1 |  1.3
Fighting       | 1 |  1.6
Stealth        | |  2.1

Action                   |  1- 3 |  4- 6 |  7- 9 | 10-12 | 13-15 || total
-------------------------+-------+-------+-------+-------+-------++-------
Melee: Unarmed           |     5 |       |       |       |       ||     5
       Whip              |    14 |     9 |    42 |    36 |    76 ||   177
 Cast: Foxfire           |    46 |    82 |   200 |   440 |   273 ||  1041
       Scorch            |     1 |    19 |    34 |    74 |    23 ||   151
       Flame Wave        |       |       |     8 |    17 |    21 ||    46
       Olgreb's Toxic Ra |       |       |     1 |    10 |    28 ||    39
       Magic Dart        |       |       |       |     1 |     1 ||     2
       Stone Arrow       |       |       |       |    23 |    60 ||    83
       Sticky Flame      |       |       |       |    15 |    28 ||    43
       Fireball          |       |       |       |       |    18 ||    18
Evoke: Wand              |       |       |       |       |     1 ||     1
  Use: Scroll            |     6 |     5 |    11 |     9 |     5 ||    36
       Potion            |       |       |       |       |     1 ||     1
Armor: Robe              |     4 |    13 |    19 |       |       ||    36
       Steam dragon scal |       |       |    12 |    55 |   118 ||   185
       Leather armour    |       |       |       |    53 |       ||    53
Dodge: Dodged            |     6 |    34 |    59 |   110 |   102 ||   311
Block: Other             |     1 |    16 |    17 |    38 |    47 ||   119
       Reflection        |       |     1 |       |     1 |     3 ||     5

Table legend: (Time is in decaauts)
 A = Elapsed time spent in this place.
 B = Non-inter-level travel time spent in this place.
 C = Inter-level travel time spent in this place.
 D = Time resting spent in this place.
 E = Time spent auto-exploring this place.
 F = Levels seen in this place.
 G = Mean time per level.
                   A        B        C        D        E       F      G
               +--------+--------+--------+--------+--------+-----+--------+
         Total |  24654 |  23956 |    698 |   2905 |  16585 |  18 | 1369.7 |
       Dungeon |  13208 |  12734 |    474 |   2100 |   8322 |  10 | 1320.8 |
        Temple |    219 |    193 |     26 |      0 |    189 |   1 |  219.0 |
          Lair |  10530 |  10333 |    197 |    782 |   7530 |   6 | 1755.0 |
       Ossuary |    696 |    696 |      0 |     23 |    543 |   1 |  696.0 |
               +--------+--------+--------+--------+--------+-----+--------+

Top non-repeatable levels by time:
  Lair:6: 2902 daAuts
  Lair:5: 2223 daAuts
     D:8: 2122 daAuts
     D:5: 1875 daAuts
  Lair:1: 1565 daAuts
     D:7: 1535 daAuts
     D:9: 1473 daAuts
  Lair:2: 1436 daAuts
  Lair:4: 1423 daAuts
     D:3: 1370 daAuts
     D:4: 1232 daAuts
     D:2: 1144 daAuts
     D:6: 1010 daAuts
  Lair:3: 979 daAuts
     D:1: 938 daAuts
